 Dungeon Crawl Stone Soup version 0.20.1-1-g8b1a95d (webtiles) character file.

4440 equalderp2856 the Cleaver (level 10, -6/88 HPs)
             Began as a Minotaur Fighter on Aug 27, 2017.
             Killed by divine providence
             ... invoked by an orc high priest
              (11 damage)
             ... in a bailey.
             The game lasted 00:13:20 (7634 turns).

equalderp2856 the Cleaver (Minotaur Fighter)        Turns: 7634, Time: 00:13:22

Health: -6/88      AC: 38    Str: 22      XL:     10   Next: 14%
Magic:  9/9        EV:  9    Int:  0 (5)  God:
Gold:   332        SH:  0    Dex: 12      Spells: 9/9 levels left

rFire    . . .     SeeInvis .   a - +1 war axe
rCold    . . .     Gourm    .   (no shield)
rNeg     . . .     Faith    .   O - +27 Lear's hauberk
rPois    .         Spirit   .   (helmet currently unavailable)
rElec    .         Reflect  .   (no cloak)
rCorr    .         Harm     .   (gloves currently unavailable)
MR       .....                  (boots currently unavailable)
Stlth    ..........             (no amulet)
Regen    0.3/turn               (no ring)
MPRegen  0.2/turn               (no ring)

@: slowed, lost intelligence, very slow
A: retaliatory headbutt, horns 2
a: no special abilities


You were in a bailey.
You were not hungry.

You visited 1 branch of the dungeon, and saw 8 of its levels.
You also visited: Bailey.

You collected 332 gold pieces.

Inventory:

Hand Weapons
 a - a +1 war axe (weapon)
Missiles
 w - 10 poisoned needles
Armour
 b - a +0 scale mail
 c - a +0 shield
 e - a +0 cloak
 h - a +1 pair of gloves
 G - a +0 leather armour of poison resistance
 K - a +0 pair of boots
 M - the cursed scarf of Gozag's Anger {MR- Regen+ Slay+3 SInv}
   (You found it on level 6 of the Dungeon)

   It affects your accuracy and damage with ranged weapons and melee attacks
   (+3).
   It affects your resistance to hostile enchantments.
   It lets you see invisible.
   It increases your rate of regeneration.
   It has a curse placed upon it.
 O - the +27 Lear's hauberk (worn)
   (You found it on level 7 of the Dungeon)
Magical Staves
 s - an uncursed staff of poison
Jewellery
 i - an uncursed ring of stealth {unknown}
 m - an uncursed ring of flight {unknown}
 r - an uncursed ring of see invisible {unknown}
 D - a +1 ring of protection {unknown}
 Q - an uncursed ring of protection from magic {unknown}
Wands
 x - a wand of acid (6/15)
 F - a wand of flame (18/48)
 H - a wand of random effects (23/48)
 J - a wand of polymorph (16/24)
Scrolls
 g - 7 scrolls of identify
 p - 2 scrolls of remove curse
 u - 3 scrolls of teleportation
 y - a scroll of enchant weapon
 B - a scroll of enchant armour
 C - a scroll of magic mapping
 L - a scroll of blinking
 N - a scroll of fear {unknown}
Potions
 d - 3 potions of might
 j - 3 potions of curing
 k - a potion of magic {unknown}
 l - 4 potions of resistance {unknown}
 o - 2 potions of degeneration {unknown}
 t - 4 potions of heal wounds
 v - a potion of invisibility {unknown}
 A - a potion of agility {unknown}
 E - a potion of mutation {unknown}
 P - a potion of cancellation {unknown}
Books
 n - a book of Minor Magic

   Spells                             Type                      Level
   a - Magic Dart                     Conjuration                  1
   b - Blink                          Translocation                2
   c - Call Imp                       Summoning                    2
   d - Slow                           Hexes                        2
   e - Conjure Flame                  Conjuration/Fire             3
   f - Mephitic Cloud                 Conjuration/Poison/Air       3
 I - a Young Poisoner's Handbook

   Spells                             Type                      Level
   a - Sting                          Conjuration/Poison           1
   b - Poisonous Vapours              Poison/Air                   2
   c - Mephitic Cloud                 Conjuration/Poison/Air       3
   d - Olgreb's Toxic Radiance        Poison                       4
   e - Venom Bolt                     Conjuration/Poison           5
Comestibles
 f - 4 bread rations
 q - 13 fruits
 z - a meat ration
 R - 2 chunks of flesh


   Skills:
 + Level 8.1 Fighting
 + Level 11.4 Axes
 + Level 8.5 Armour
 + Level 3.3 Dodging
 + Level 1.3 Stealth
 + Level 8.3 Shields


You had 9 spell levels left.
You didn't know any spells.

Dungeon Overview and Level Annotations

Branches:
Dungeon (8/15)             Temple (0/1) D:5            Lair (0/6) D:8

Altars:
Dithmenos
Elyvilon
Fedhas
Gozag
Ru
Trog
Uskayaw


Innate Abilities, Weirdness & Mutations

You reflexively headbutt those who attack you in melee.
You have a pair of horns on your head.


Message History

The iron imp grinds its teeth.
The smoke demon barely misses you.
The smoke demon hits you but does no damage. x2
You closely miss the orc high priest.
Your headbutt misses the orc high priest.
The orc high priest is heavily wounded.
You hit the soul eater. You hit the neqoxec.
You hit the hellwing but do no damage.
You hit the smoke demon but do no damage.
You are covered in liquid flames!
* * * LOW HITPOINT WARNING * * *
The neqoxec barely misses you. The hellwing closely misses you.
You furiously retaliate!
You headbutt the hellwing. The hellwing completely misses you.
The smoke demon gestures at you. Something smites you!
* * * LOW HITPOINT WARNING * * *
The orc high priest calls down the wrath of Beogh upon you.
Beogh smites you!
You die...

#....##.....'........
#._..##..⌠))'........
##+#....##...))'........
#..#....##.....#.≈≈≈≈≈..
#..#...5#####''#.≈≈≈≈≈..
#?!#..5K#......#.≈≈≈≈≈.#
#.5g4#......#.≈≈≈≈≈≈#
##53o3...######≈≈≈≈≈#
+.8@8.8.# #≈≈≈≈≈#
#.34....# #+#######


You could see a soul eater, an orc high priest, a hellwing, an ice devil, a
kobold demonologist, a smoke demon, a neqoxec, an iron imp, a quasit, a crimson
imp, an ufetubus and a goblin.

Vanquished Creatures
  A two-headed ogre (D:8)
  Joseph (D:7)
  Sigmund (D:2)
  Eustachio (D:5)
  2 wargs (D:8)
  Edmund (D:4)
  Duvessa (D:4)
  3 ice beasts
  3 orc warriors
  3 phantoms
  A sky beast (D:3)
  A black bear (D:8)
  An ogre (D:5)
  A big kobold (D:7)
  A bullfrog (D:6)
  Dowan (D:4)
  6 scorpions
  A howler monkey (D:7)
  4 crimson imps
  A bullfrog zombie (D:5)
  2 hounds
  2 jellies
  Crazy Yiuf (D:4)
  7 orc priests
  4 orc wizards
  2 iguanas
  5 worker ants
  A hound skeleton (D:4)
  8 gnolls
  9 adders
  A shadow imp (D:5)
  An ooze (D:5)
  An adder zombie (D:8)
  2 worms
  2 dart slugs
  6 leopard geckos
  24 orcs
  9 bats
  7 giant cockroaches
  11 goblins
  6 hobgoblins
  8 jackals
  3 quokkas
  A ball python (D:5)
  2 frilled lizards (D:1)
  6 kobolds
  A quokka zombie (D:5)
  7 rats
174 creatures vanquished.

Vanquished Creatures (others)
  An iguana (D:7)
1 creature vanquished.

Grand Total: 175 creatures vanquished

Notes
Turn   | Place    | Note
-------+----------+-------------------------------------------
     0 | D:1      | equalderp2856 the Minotaur Fighter began the quest for the Orb.
     0 | D:1      | Reached XP level 1. HP: 19/19 MP: 0/0
   158 | D:1      | Reached XP level 2. HP: 26/27 MP: 1/1
   755 | D:2      | Reached XP level 3. HP: 15/33 MP: 2/2
  1102 | D:2      | Reached skill level 3 in Axes
  1492 | D:2      | Noticed Sigmund
  1514 | D:2      | Killed Sigmund
  1514 | D:2      | Reached skill level 4 in Axes
  1514 | D:2      | Reached skill level 1 in Dodging
  1514 | D:2      | Reached skill level 5 in Shields
  1514 | D:2      | Reached XP level 4. HP: 9/41 MP: 3/3
  1514 | D:2      | Reached XP level 5. HP: 11/47 MP: 4/4
  1976 | D:2      | Found a blossoming altar of Fedhas.
  2253 | D:3      | Noticed a sky beast
  2275 | D:3      | Killed a sky beast
  2275 | D:3      | Reached XP level 6. HP: 35/53 MP: 5/5
  2541 | D:4      | Reached skill level 5 in Axes
  2564 | D:4      | Noticed Dowan
  2584 | D:4      | Killed Dowan
  2631 | D:4      | Noticed Duvessa
  2640 | D:4      | Killed Duvessa
  2640 | D:4      | Reached skill level 5 in Fighting
  2640 | D:4      | Reached XP level 7. HP: 24/61 MP: 6/6
  3186 | D:4      | Reached skill level 5 in Armour
  3200 | D:4      | Reached skill level 6 in Axes
  3588 | D:4      | Reached skill level 7 in Axes
  3786 | D:4      | Noticed Edmund
  3800 | D:4      | Killed Edmund
  3800 | D:4      | Reached XP level 8. HP: 55/69 MP: 7/7
  3857 | D:4      | Found a runed door.
  4084 | D:4      | Noticed Crazy Yiuf
  4089 | D:4      | Killed Crazy Yiuf
  4154 | D:5      | Entered Level 5 of the Dungeon
  4193 | D:5      | Reached skill level 8 in Axes
  4643 | D:5      | Noticed Eustachio
  4658 | D:5      | Killed Eustachio
  4690 | D:5      | Found a staircase to the Ecumenical Temple.
  5308 | D:5      | Reached skill level 9 in Axes
  5383 | D:6      | Found an opulent altar of Gozag.
  5386 | D:6      | Found a white marble altar of Elyvilon.
  5663 | D:6      | Found a sacrificial altar of Ru.
  5758 | D:6      | Reached XP level 9. HP: 77/77 MP: 8/8
  5765 | D:6      | Found a shadowy altar of Dithmenos.
  5840 | D:6      | Found a bloodstained altar of Trog.
  5868 | D:6      | Reached skill level 1 in Stealth
  5996 | D:6      | Got a steaming scarf
  6031 | D:6      | Identified the cursed scarf of Gozag's Anger {MR- Regen+ Slay+3 SInv} (You found it on level 6 of the Dungeon)
  6096 | D:7      | Noticed Joseph
  6109 | D:7      | Killed Joseph
  6468 | D:7      | Reached skill level 10 in Axes
  6718 | D:7      | Found a hide-covered altar of Uskayaw.
  6952 | D:7      | Noticed a death knight
  6953 | D:7      | Noticed a manticore
  7252 | D:8      | Noticed a two-headed ogre
  7260 | D:8      | Killed a two-headed ogre
  7260 | D:8      | Reached skill level 11 in Axes
  7285 | D:8      | Found a staircase to the Lair.
  7325 | D:8      | Reached XP level 10. HP: 34/88 MP: 9/9
  7449 | D:8      | Found a bloodstained altar of Trog.
  7568 | D:8      | Found a flagged portal.
  7577 | Bailey   | Entered a bailey
  7613 | Bailey   | Found an iron altar of Okawaru.
  7613 | Bailey   | Noticed an orc high priest
  7616 | Bailey   | Noticed an orange demon
  7625 | Bailey   | Noticed a smoke demon
  7626 | Bailey   | Lost intelligence.
  7632 | Bailey   | Noticed a soul eater
  7634 | Bailey   | Killed from afar by an orc high priest

Skill      XL: |  1  2  3  4  5  6  7  8  9 10 |
---------------+-------------------------------+-----
Armour         | 4 5 7 8 |  8.5
Fighting       | 4 5 6 7 8 |  8.1
Axes           | 4 5 7 9 11 | 11.4
Shields        | 5 6 7 8 |  8.3
Dodging        | 1 2 3 |  3.3
Stealth        | 1 |  1.3

Action                   |  1- 3 |  4- 6 |  7- 9 | 10-12 || total
-------------------------+-------+-------+-------+-------++-------
Melee: War axe           |    95 |    88 |   304 |    47 ||   534
       Headbutt          |     9 |    11 |    62 |    13 ||    95
  Use: Scroll            |     4 |     4 |     4 |       ||    12
       Potion            |     2 |       |       |     2 ||     4
  Eat: Chunk             |     1 |     5 |    13 |     1 ||    20
       Fruit             |       |       |     2 |       ||     2
Armor: Scale mail        |    50 |    56 |    70 |       ||   176
       Skin              |     3 |       |       |       ||     3
       Chain mail        |       |       |    20 |    99 ||   119
Dodge: Dodged            |    26 |    24 |    77 |    37 ||   164
Block: Shield            |    60 |    52 |   131 |       ||   243
